 Dungeon Crawl Stone Soup version 0.29.0-4-gdea44cf6ec (webtiles) character file.

Game seed: 14343505645196873713

96137 qw the Severer (level 15, -23/123 HPs)
             Began as a Demonspawn Cinder Acolyte on Sept 9, 2022.
             Was a High Priest of Okawaru.
             Annihilated by an orc warlord
             ... wielding a +0 great sword
              (34 damage)
             ... on level 1 of the Orcish Mines.
             The game lasted 00:11:01 (32341 turns).

qw the Severer (Demonspawn Cinder Acolyte)         Turns: 32341, Time: 00:11:01

Health: -23/123    AC: 34    Str: 20    XL:     15   Next: 68%
Magic:  17/22      EV: 11    Int: 16    God:    Okawaru [*****.]
Gold:   1660       SH:  0    Dex: 10    Spells: 16/16 levels left

rFire   . . .      SeeInvis +   Y - +6 war axe (freeze)
rCold   . . .      Faith    .   (no shield)
rNeg    . . .      Spirit   .   g - +1 crystal plate armour
rPois   +          Reflect  .   (helmet unavailable)
rElec   .          Harm     .   x - +0 cloak
rCorr   .          Rampage  .   p - +0 pair of gloves
Will    ++...                   e - +0 pair of boots
Stlth   ..........              j - amulet of the acrobat
HPRegen 0.30/turn               s - ring of poison resistance
MPRegen 0.18/turn               n - +4 ring of evasion

@: about to teleport, heroic, finesse-ful
A: antennae 3, foul stench 3, sharp scales 2, demonic magic 1, demonic willpower
a: Renounce Religion, Heroism, Finesse, Duel


You were on level 1 of the Orcish Mines.
You worshipped Okawaru.
Okawaru was extremely pleased with you.
You visited 4 branches of the dungeon, and saw 22 of its levels.
You also visited: Gauntlet.

You collected 2102 gold pieces.
You spent 442 gold pieces at shops.


Innate Abilities, Weirdness & Mutations

You have a pair of large antennae on your head. (SInv)
You frequently emit foul miasma when damaged in melee.
You are mostly covered in razor-sharp scales. (AC +2, Slay +2)
Spells you cast may paralyse adjacent enemies.
You punish those that try to bend your will. (Will+)


   Skills:
 - Level 13.0(18.0) Fighting
 - Level 16.0(21.0) Axes
 - Level 7.0(12.0) Throwing
 + Level 14.2(19.2) Armour
 - Level 3.0(8.0) Dodging
 - Level 1.0 Spellcasting
 - Level 2.6 Fire Magic
 - Level 10.0 Invocations


You had 16 spell levels left.
You didn't know any spells.
Your spell library contained the following spells:

 Spells                   Type           Power      Damage    Failure   Level
 Scorch                   Fire           18%        2d6       98%         2

Inventory:

Hand Weapons
 c - a +1 hand axe of flaming
 Y - a +6 war axe of freezing (weapon)
Missiles
 q - 4 boomerangs
 v - 4 javelins (quivered)
Armour
 e - a +0 pair of boots (worn)
 g - a +1 crystal plate armour (worn)
 p - a +0 pair of gloves (worn)
 x - a +0 cloak (worn)
Jewellery
 a - a ring of protection from fire
 i - an amulet of regeneration
 j - an amulet of the acrobat (around neck)
 l - a ring of fire
 n - a +4 ring of evasion (right hand)
 s - a ring of poison resistance (left hand)
 t - a +4 ring of protection
Scrolls
 f - 3 scrolls of identify
 r - 3 scrolls of teleportation
Potions
 b - 8 potions of haste
 d - 3 potions of curing
 h - 2 potions of mutation
 k - 3 potions of might
 m - 2 potions of magic
 o - 2 potions of heal wounds
 u - a potion of resistance

Dungeon Overview and Level Annotations

Branches:
Dungeon (15/15)            Temple (1/1) D:6            Lair (5/5) D:11
 Shoals (0/4) Lair:3       Spider (0/4) Lair:2        Slime (0/5) Lair:5
    Orc (1/2) D:11         Vaults (0/5) D:13         Depths (0/4) D:15
Gauntlet (visited)

Altars:
Cheibriados
Dithmenos
Fedhas
Hepliaklqana
Kikubaaqudgha
Nemelex Xobeh
Okawaru
Qazlal
Ru
Sif Muna
Trog
Uskayaw
Vehumet
Wu Jian
Xom
Yredelemnul

Shops:
D:2 (=*(*   D:3 (   D:6 =   D:7 !   D:10 (

Annotations:
D:7 2 transporters, qw's ghost, novice MiBe
D:9 1 runed translucent door
D:12 2 runed translucent doors, qw's ghost, journeyman MiBe
Lair:2 2 transporters
Lair:3 1 runed translucent door, qw's ghost, novice MiFi


Message History

Press: ? - help, Q - select action, (/) - cycle Shift-Dir - straight line, f/p - orc warlord You throw a javelin.
The javelin pierces through the orc warlord!!
The orc warlord is moderately wounded.
You hear a shout!
Throw: 5 javelins
Press: ? - help, Q - select action, (/) - cycle Shift-Dir - straight line, f/p - orc warlord You throw a javelin.
The javelin pierces through the orc warlord!
The orc warlord is heavily wounded.
An orc knight comes into view. It is wielding a +3 battleaxe.
The orc warlord roars a battlecry!
The orcs go into a battle-frenzy!
You hear a shout!
The orc knight shouts!
You slash the orc sorcerer! You freeze the orc sorcerer!
The orc sorcerer is almost dead.
You slash the orc sorcerer! You freeze the orc sorcerer.
You kill the orc sorcerer!
Okawaru accepts your kill.
An ogre comes into view. It is wielding a +0 giant club.
An orc warrior comes into view. It is wielding a +0 mace.
The orc knight roars a battlecry!
The orcs go into a battle-frenzy!
You hit the orc warlord but do no damage.
The orc warlord is moderately wounded.
You closely miss the orc warlord.
The orc warlord is moderately wounded.
You hit the orc warlord but do no damage.
The orc warlord is moderately wounded.
The orc warlord hits you with a +0 great sword!!
The orc knight roars a battlecry!
An orc comes into view. It is wielding a +0 dagger.
You hear a shout!
32341 ||| READING 4 scrolls of teleportation.
As you read the scroll of teleportation, it crumbles to dust.
You feel strangely unstable.
An orc warrior comes into view. It is wielding a +0 long sword.
The orc warlord hits you with a +0 great sword!!
You die...

.........#.....##
................#
....>..........###
...........#.....##
............<.....#
...$...)).........#
#......).)..........
#......)#)#.........
.......){#@.........
#.#....)##o)......#.
##....##O.........
........##o......#.
.....oo# ..o......
.#......# o(.....
###.#3#. {#o#....
##.. (.....


You could see an orc warlord (strong), an orc knight (strong), 2 orc warriors,
an ogre and an orc (strong).

Vanquished Creatures
  Jorgrun (D:15)
  A minotaur (Gauntlet)
  Josephine (D:10)
  A vault guard (D:13)
  A rakshasa (D:15)
  5 boulder beetles
  Erica (D:8)
  8 hydras
  A two-headed ogre (D:11)
  7 catoblepae
  7 death yaks
  5 centaur warriors
  Urug (Lair:2)
  3 skeletal warriors (D:12)
  A glowing orange brain (D:15)
  A deep troll (shapeshifter) (D:13)
  A lindwurm (Lair:3)
  An orb spider (Lair:2)
  Pikel (D:4)
  A necromancer (Gauntlet)
  An orc knight (D:15)
  A deep elf pyromancer (D:15)
  2 orc sorcerers (Orc:1)
  A shining eye (Gauntlet)
  6 cyclopes
  7 ugly things
  2 merfolk sirens (Lair:3)
  5 manticores
  5 black mambas
  16 elephants
  Maurice (Orc:1)
  11 cane toads
  2 gargoyles
  An unseen horror (D:13)
  A smoke demon (Gauntlet)
  9 komodo dragons
  11 rime drakes
  An efreet (D:13)
  A tengu conjurer (D:13)
  2 merfolk (Lair:3)
  6 polar bears
  A red devil (Gauntlet)
  9 trolls
  A hornet (D:10)
  Prince Ribbit (D:5)
  A hornet (shapeshifter) (D:15)
  9 slime creatures
  17 blink frogs
  4 flying skulls (Gauntlet)
  3 shadows
  2 vampires
  54 yaks
  6 wraiths
  A spriggan (Lair:4)
  8 fire elementals
  5 wyverns
  5 basilisks
  13 steam dragons
  A golden eye (Gauntlet)
  5 vampire mosquitoes (D:13)
  Menkaure (D:4)
  A warg (Orc:1)
  An acid dragon (D:13)
  17 water moccasins
  A floating eye (Gauntlet)
  6 orc warriors
  2 sky beasts (D:7)
  2 black bears
  5 ogres
  10 wolves
  5 boggarts (D:15)
  7 centaurs
  2 phantoms (D:5)
  A lemure (D:4)
  2 kobold brigands
  13 bullfrogs
  A necrophage (D:7)
  A gnoll sergeant (D:8)
  6 scorpions
  4 wights
  A troll zombie (D:11)
  11 killer bees (D:9)
  5 electric eels
  4 howler monkeys
  4 crimson imps (Gauntlet)
  7 hounds
  3 jellies
  10 orc priests
  Jessica (D:2)
  7 orc wizards
  7 hell rats (Lair:5)
  5 ogre zombies (D:11)
  5 adders
  3 gnolls (D:8)
  A white imp (D:8)
  An ufetubus (D:4)
  4 worms
  3 dart slugs
  32 orcs
  11 endoplasms
  2 giant cockroaches
  7 goblins
  6 hobgoblins
  8 jackals
  19 kobolds
  4 quokkas
  5 ball pythons
  9 bats
  5 frilled lizards
  2 goblin skeletons (D:11)
  2 goblin zombies (D:11)
  2 hobgoblin zombies (D:11)
  2 orc skeletons (D:11)
  11 orc zombies (D:11)
  12 rats
  3 bushes (Lair:4)
599 creatures vanquished.

Vanquished Creatures (others)
  19 fungi
  31 plants
  3 withered plants (Gauntlet)
53 creatures vanquished.

Grand Total: 652 creatures vanquished

Notes
Turn   | Place    | Note
-------+----------+-------------------------------------------
     0 | D:1      | qw the Demonspawn Cinder Acolyte began the quest for the
                  | Orb.
     0 | D:1      | Reached XP level 1. HP: 18/18 MP: 2/2
     0 | D:1      | 0 ||| qw: Version: 0.1-a-113-g051387a
     0 | D:1      | 0 ||| qw: Game counter: 7077
     0 | D:1      | 0 ||| qw: Always use a shield: true
     0 | D:1      | 0 ||| qw: God list: Okawaru
     0 | D:1      | 0 ||| qw: Allow faded altars: false
     0 | D:1      | 0 ||| qw: Do Orc after D:15 true
     0 | D:1      | 0 ||| qw: Do second Lair branch before Depths: true
     0 | D:1      | 0 ||| qw: Lair rune preference: random
     0 | D:1      | 0 ||| qw: Plans: Normal
     0 | D:1      | 0 ||| PLANNING D:1-11
    62 | D:1      | Reached skill level 3 in Axes
   160 | D:1      | Gained mutation: You are partially covered in razor-sharp
                  | scales. (AC +1, Slay +1) [demonic ancestry]
   160 | D:1      | Reached XP level 2. HP: 15/24 MP: 3/3
   337 | D:1      | 337 ||| Stepping ~*~*~tactically~*~*~ (stealth).
   338 | D:1      | 338 ||| Stepping ~*~*~tactically~*~*~ (stealth).
   349 | D:1      | 349 ||| Stepping ~*~*~tactically~*~*~ (stealth).
   350 | D:1      | 350 ||| Stepping ~*~*~tactically~*~*~ (stealth).
   400 | D:1      | 400 ||| Stepping ~*~*~tactically~*~*~ (stealth).
   402 | D:1      | 402 ||| Stepping ~*~*~tactically~*~*~ (stealth).
   442 | D:1      | 442 ||| Stepping ~*~*~tactically~*~*~ (stealth).
   443 | D:1      | 443 ||| Stepping ~*~*~tactically~*~*~ (stealth).
   444 | D:1      | 444 ||| Stepping ~*~*~tactically~*~*~ (stealth).
   445 | D:1      | 445 ||| Stepping ~*~*~tactically~*~*~ (stealth).
   447 | D:1      | 447 ||| Stepping ~*~*~tactically~*~*~ (stealth).
   452 | D:1      | 452 ||| Stepping ~*~*~tactically~*~*~ (hiding).
   870 | D:1      | 870 ||| UPGRADING to +0 leather armour.
   880 | D:1      | 880 ||| DROPPING +0 robe.
   881 | D:1      | 881 ||| UPGRADING to +0 ring mail.
   891 | D:1      | 891 ||| DROPPING +0 leather armour.
   892 | D:1      | 892 ||| UPGRADING to amulet of the acrobat.
   897 | D:1      | 897 ||| READING scroll labelled ICZOOCWOEP.
   898 | D:1      | 898 ||| READING scroll labelled XOERAF TAEST.
   899 | D:1      | 899 ||| READING scroll labelled SAUGHA IPIUPAESUA.
   902 | D:1      | 902 ||| READING scroll labelled MEEWOU VUME.
  1003 | D:1      | 1003 ||| READING scroll labelled JOCWATAISO.
  1030 | D:2      | 1030 ||| Stepping ~*~*~tactically~*~*~ (stealth).
  1057 | D:2      | Gained mutation: You may rarely emit foul miasma when
                  | damaged in melee. [demonic ancestry]
  1057 | D:2      | Reached XP level 3. HP: 16/29 MP: 4/4
  1105 | D:2      | 1105 ||| FLEEEEING.
  1227 | D:2      | 1227 ||| Stepping ~*~*~tactically~*~*~ (stealth).
  1364 | D:2      | Reached skill level 4 in Axes
  1390 | D:2      | Found Kiveolum's Assorted Antiques.
  1399 | D:2      | 1399 ||| BUYING dark potion (23 gold).
  1399 | D:2      | Bought a dark potion for 23 gold pieces
  1399 | D:2      | 1399 ||| BUYING orange potion (23 gold).
  1399 | D:2      | Bought an orange potion for 23 gold pieces
  1399 | D:2      | 1399 ||| SHOPLISTING scroll of teleportation (78 gold, have
                  | 28).
  1419 | D:2      | Found Oschofy's Weapon Shoppe.
  1445 | D:2      | 1445 ||| Stepping ~*~*~tactically~*~*~ (stealth).
  1448 | D:2      | 1448 ||| Stepping ~*~*~tactically~*~*~ (stealth).
  1450 | D:2      | 1450 ||| Stepping ~*~*~tactically~*~*~ (stealth).
  1454 | D:2      | 1454 ||| Stepping ~*~*~tactically~*~*~ (stealth).
  1455 | D:2      | 1455 ||| Stepping ~*~*~tactically~*~*~ (stealth).
  1604 | D:2      | Found Ducal's Assorted Antiques.
  1613 | D:2      | 1613 ||| BUYING golden potion (15 gold).
  1613 | D:2      | Bought a golden potion for 15 gold pieces
  1613 | D:2      | 1613 ||| SHOPLISTING notched peridot ring (85 gold, have
                  | 26).
  1613 | D:2      | 1613 ||| BUYING scroll labelled AGUCHE HIHEVVU (17 gold).
  1613 | D:2      | Bought a scroll labelled AGUCHE HIHEVVU for 17 gold pieces
  1613 | D:2      | 1613 ||| SHOPLISTING scroll of teleportation (51 gold, have
                  | 9).
  1718 | D:2      | 1718 ||| Stepping ~*~*~tactically~*~*~ (stealth).
  1719 | D:2      | 1719 ||| Stepping ~*~*~tactically~*~*~ (stealth).
  1816 | D:2      | Found Xiegokliu's Jewellery Shop.
  1819 | D:2      | 1819 ||| SHOPLISTING amulet of regeneration (420 gold, have
                  | 22).
  1819 | D:2      | 1819 ||| SHOPLISTING ring of positive energy (280 gold,
                  | have 22).
  1819 | D:2      | 1819 ||| SHOPLISTING ring of protection from cold (350
                  | gold, have 22).
  1819 | D:2      | 1819 ||| SHOPLISTING ring of protection from fire (350
                  | gold, have 22).
  1819 | D:2      | 1819 ||| SHOPLISTING ring of see invisible (210 gold, have
                  | 22).
  1830 | D:2      | Noticed Jessica
  1831 | D:2      | 1831 ||| Stepping ~*~*~tactically~*~*~ (hiding).
  1841 | D:2      | Killed Jessica
  1842 | D:2      | Gained mutation: You sometimes emit foul miasma when
                  | damaged in melee. [demonic ancestry]
  1842 | D:2      | Reached XP level 4. HP: 26/35 MP: 5/5
  1933 | D:2      | Found Socysora's Weapon Shop.
  2055 | D:2      | 2055 ||| READING scroll labelled LETACL ODUOFECOET.
  2056 | D:2      | 2056 ||| READING scroll labelled NUGIEG GATRANE.
  2057 | D:2      | 2057 ||| READING scroll labelled AGUCHE HIHEVVU.
  2082 | D:3      | 2082 ||| PLANNING SEWER
  2096 | D:3      | Noticed an ogre
  2103 | D:3      | HP: 4/35 [ogre/+0 giant club (22)]
  2104 | D:3      | 2104 ||| INVOKING Fiery Armour.
  2104 | D:3      | Killed an ogre
  2105 | D:3      | Reached skill level 5 in Axes
  2105 | D:3      | Reached XP level 5. HP: 5/41 MP: 6/6
  2401 | D:3      | 2401 ||| Stepping ~*~*~tactically~*~*~ (hiding).
  2404 | D:3      | 2404 ||| Stepping ~*~*~tactically~*~*~ (hiding).
  2556 | D:3      | Found a shadowy altar of Dithmenos.
  2579 | D:3      | 2579 ||| Stepping ~*~*~tactically~*~*~ (hiding).
  2584 | D:3      | 2584 ||| INVOKING Fiery Armour.
  2586 | D:3      | Reached skill level 1 in Dodging
  2586 | D:3      | 2586 ||| Stepping ~*~*~tactically~*~*~ (hiding).
  2600 | D:3      | 2600 ||| FLEEEEING.
  2601 | D:3      | 2601 ||| FLEEEEING.
  2602 | D:3      | 2602 ||| FLEEEEING.
  2603 | D:3      | 2603 ||| FLEEEEING.
  2604 | D:3      | 2604 ||| FLEEEEING.
  2605 | D:3      | 2605 ||| FLEEEEING.
  2606 | D:3      | 2606 ||| FLEEEEING.
  2607 | D:3      | 2607 ||| FLEEEEING.
  2609 | D:3      | 2609 ||| FLEEEEING.
  2853 | D:3      | 2853 ||| RIP SEWER
  2866 | D:3      | 2866 ||| PLANNING D:1-11
  2902 | D:3      | 2902 ||| Stepping ~*~*~tactically~*~*~ (stealth).
  2914 | D:3      | 2914 ||| Stepping ~*~*~tactically~*~*~ (stealth).
  2946 | D:3      | 2946 ||| Stepping ~*~*~tactically~*~*~ (stealth).
  2958 | D:3      | 2958 ||| Stepping ~*~*~tactically~*~*~ (stealth).
  3008 | D:3      | Identified the +2 scale mail of Umpumib {Fly}
  3111 | D:3      | 3111 ||| Stepping ~*~*~tactically~*~*~ (water).
  3179 | D:3      | 3179 ||| READING scroll of enchant weapon.
  3179 | D:3      | 3179 ||| ENCHANTING +0 hand axe of flaming.
  3207 | D:3      | Found Opsal Wik's Weapon Boutique.
  3216 | D:3      | 3216 ||| BUYING +0 war axe (42 gold).
  3216 | D:3      | Bought a +0 war axe for 42 gold pieces
  3216 | D:3      | 3216 ||| SWAPPING to +0 war axe.
  3345 | D:3      | Found a faded altar of an unknown god.
  3444 | D:3      | 3444 ||| UPGRADING to +2 scale mail of Umpumib {Fly}.
  3454 | D:3      | 3454 ||| DROPPING +0 ring mail.
  3455 | D:3      | 3455 ||| READING scroll labelled OMMEPO JERUNON.
  3596 | D:3      | 3596 ||| READING scroll labelled SIESONK WIZO.
  3597 | D:3      | 3597 ||| DRINKING 2 golden potions.
  3598 | D:3      | 3598 ||| DROPPING potion of magic.
  3599 | D:3      | 3599 ||| READING scroll of teleportation.
  3632 | D:4      | Reached skill level 1 in Armour
  3632 | D:4      | Gained mutation: You frequently emit foul miasma when
                  | damaged in melee. [demonic ancestry]
  3632 | D:4      | Reached XP level 6. HP: 27/47 MP: 7/7
  3632 | D:4      | 3632 ||| STAIRDANCE
  3870 | D:4      | 3870 ||| INVOKING Fiery Armour.
  3871 | D:4      | Reached skill level 6 in Axes
  4191 | D:4      | 4191 ||| Stepping ~*~*~tactically~*~*~ (stealth).
  4195 | D:4      | 4195 ||| INVOKING Fiery Armour.
  4219 | D:4      | Noticed Pikel
  4225 | D:4      | HP: 11/48 [Pikel/+0 whip of freezing (3)]
  4230 | D:4      | Killed Pikel
  4231 | D:4      | Reached skill level 6 in Fighting
  4231 | D:4      | Gained mutation: You have a pair of small antennae on your
                  | head. [demonic ancestry]
  4231 | D:4      | Reached XP level 7. HP: 10/59 MP: 8/8
  4597 | D:4      | 4597 ||| Stepping ~*~*~tactically~*~*~ (stealth).
  4598 | D:4      | 4598 ||| Stepping ~*~*~tactically~*~*~ (stealth).
  4610 | D:4      | Noticed Menkaure
  4611 | D:4      | 4611 ||| Stepping ~*~*~tactically~*~*~ (stealth).
  4614 | D:4      | 4614 ||| Stepping ~*~*~tactically~*~*~ (hiding).
  4625 | D:4      | 4625 ||| INVOKING Fiery Armour.
  4626 | D:4      | Killed Menkaure
  4627 | D:4      | Gained mutation: You have a pair of antennae on your head.
                  | [demonic ancestry]
  4627 | D:4      | Reached XP level 8. HP: 17/65 MP: 9/9
  4629 | D:4      | 4629 ||| Stepping ~*~*~tactically~*~*~ (stealth).
  4641 | D:4      | Reached skill level 7 in Axes
  4647 | D:4      | HP: 6/65 [orc priest/divine providence (13)]
  4703 | D:4      | 4703 ||| FLEEEEING.
  4704 | D:4      | 4704 ||| FLEEEEING.
  4705 | D:4      | 4705 ||| FLEEEEING.
  4706 | D:4      | 4706 ||| FLEEEEING.
  4708 | D:4      | 4708 ||| FLEEEEING.
  4709 | D:4      | 4709 ||| FLEEEEING.
  4710 | D:4      | 4710 ||| FLEEEEING.
  4711 | D:4      | 4711 ||| FLEEEEING.
  4712 | D:4      | 4712 ||| FLEEEEING.
  4713 | D:4      | 4713 ||| FLEEEEING.
  4714 | D:4      | 4714 ||| FLEEEEING.
  4715 | D:4      | 4715 ||| FLEEEEING.
  4716 | D:4      | 4716 ||| FLEEEEING.
  4717 | D:4      | 4717 ||| FLEEEEING.
  4718 | D:4      | 4718 ||| FLEEEEING.
  4719 | D:4      | 4719 ||| FLEEEEING.
  4720 | D:4      | 4720 ||| FLEEEEING.
  4721 | D:4      | 4721 ||| FLEEEEING.
  4722 | D:4      | 4722 ||| FLEEEEING.
  4723 | D:4      | 4723 ||| FLEEEEING.
  4725 | D:4      | 4725 ||| FLEEEEING.
  4726 | D:4      | 4726 ||| FLEEEEING.
  4727 | D:4      | 4727 ||| Stepping ~*~*~tactically~*~*~ (stealth).
  4773 | D:4      | 4773 ||| FLEEEEING.
  4774 | D:4      | 4774 ||| FLEEEEING.
  4775 | D:4      | 4775 ||| FLEEEEING.
  4776 | D:4      | 4776 ||| FLEEEEING.
  4777 | D:4      | 4777 ||| FLEEEEING.
  4778 | D:4      | 4778 ||| FLEEEEING.
  4779 | D:4      | 4779 ||| FLEEEEING.
  4780 | D:4      | 4780 ||| FLEEEEING.
  4781 | D:4      | 4781 ||| FLEEEEING.
  4782 | D:4      | 4782 ||| FLEEEEING.
  4783 | D:4      | 4783 ||| STAIRDANCE
  4946 | D:3      | 4946 ||| READING 4 scrolls of identify.
  4946 | D:3      | 4946 ||| IDENTIFYING dark potion
  4947 | D:3      | 4947 ||| READING 3 scrolls of identify.
  4947 | D:3      | 4947 ||| IDENTIFYING orange potion
  4948 | D:3      | 4948 ||| READING 2 scrolls of identify.
  4948 | D:3      | 4948 ||| IDENTIFYING fizzy brown potion
  4949 | D:3      | 4949 ||| DROPPING potion of flight.
  5078 | D:4      | 5078 ||| Stepping ~*~*~tactically~*~*~ (stealth).
  5087 | D:4      | 5087 ||| Stepping ~*~*~tactically~*~*~ (stealth).
  5090 | D:4      | 5090 ||| Stepping ~*~*~tactically~*~*~ (stealth).
  5280 | D:4      | 5280 ||| Stepping ~*~*~tactically~*~*~ (stealth).
  5281 | D:4      | 5281 ||| Stepping ~*~*~tactically~*~*~ (stealth).
  5419 | D:4      | 5419 ||| UPGRADING to +0 pair of boots.
  5424 | D:4      | 5424 ||| UPGRADING to +4 ring of protection.
  5425 | D:4      | 5425 ||| READING scroll labelled JUK ZUZOH UXUM.
  5455 | D:5      | Entered Level 5 of the Dungeon
  5473 | D:5      | 5473 ||| Stepping ~*~*~tactically~*~*~ (stealth).
  5474 | D:5      | 5474 ||| Stepping ~*~*~tactically~*~*~ (stealth).
  5534 | D:5      | 5534 ||| Stepping ~*~*~tactically~*~*~ (stealth).
  5535 | D:5      | 5535 ||| Stepping ~*~*~tactically~*~*~ (stealth).
  5536 | D:5      | 5536 ||| Stepping ~*~*~tactically~*~*~ (stealth).
  5629 | D:5      | Reached skill level 1 in Throwing
  5629 | D:5      | 5629 ||| Stepping ~*~*~tactically~*~*~ (stealth).
  5630 | D:5      | 5630 ||| Stepping ~*~*~tactically~*~*~ (stealth).
  5737 | D:5      | Noticed Prince Ribbit
  5747 | D:5      | Killed Prince Ribbit
  5748 | D:5      | Reached skill level 8 in Axes
  5933 | D:5      | 5933 ||| Stepping ~*~*~tactically~*~*~ (stealth).
  5969 | D:5      | 5969 ||| Stepping ~*~*~tactically~*~*~ (stealth).
  6414 | D:5      | 6414 ||| READING scroll labelled QUASOLU VENYU.
  6469 | D:6      | Found an ancient bone altar of Kikubaaqudgha.
  6470 | D:6      | Identified the +3 scale mail "Fomij" {rF+ Will+}
  6496 | D:6      | Reached XP level 9. HP: 71/71 MP: 10/10
  6518 | D:6      | Found a snail-covered altar of Cheibriados.
  6551 | D:6      | Found Tamuh's Jewellery Shop.
  6560 | D:6      | 6560 ||| SHOPLISTING ring of fire (300 gold, have 178).
  6560 | D:6      | 6560 ||| SHOPLISTING ring of protection from cold (300
                  | gold, have 178).
  6560 | D:6      | 6560 ||| SHOPLISTING ring of protection from fire (300
                  | gold, have 178).
  6560 | D:6      | 6560 ||| SHOPLISTING ring of see invisible (180 gold, have
                  | 178).
  6820 | D:6      | Found a staircase to the Ecumenical Temple.
  6825 | D:6      | Reached skill level 9 in Axes
  7035 | D:6      | Found a sacrificial altar of Ru.
  7140 | D:6      | Noticed a gargoyle
  7161 | D:6      | 7161 ||| INVOKING Fiery Armour.
  7163 | D:6      | HP: 11/71 [gargoyle/+0 flail (9)]
  7164 | D:6      | 7164 ||| READING 2 scrolls of teleportation.
  7553 | D:6      | 7553 ||| UPGRADING to +3 scale mail "Fomij" {rF+ Will+}.
  7563 | D:6      | 7563 ||| UPGRADING to ring of willpower.
  7564 | D:6      | 7564 ||| READING 2 scrolls labelled CEGERE UXZA.
  7565 | D:6      | 7565 ||| DRINKING 2 smoky blue potions.
  7566 | D:6      | 7566 ||| DROPPING potion of attraction.
  7567 | D:6      | 7567 ||| DROPPING scroll of fear.
  7606 | D:7      | Found an ornate altar of the Wu Jian Council.
  7823 | D:7      | 7823 ||| Stepping ~*~*~tactically~*~*~ (stealth).
  7824 | D:7      | 7824 ||| Stepping ~*~*~tactically~*~*~ (stealth).
  7825 | D:7      | 7825 ||| Stepping ~*~*~tactically~*~*~ (stealth).
  7830 | D:7      | 7830 ||| Stepping ~*~*~tactically~*~*~ (stealth).
  7944 | D:7      | Found a transporter.
  7945 | D:7      | Noticed qw's ghost (novice MiBe)
  7950 | D:7      | Identified the +9 great mace "Testudinebane" {chaos, *Rage
                  | rElec rF+ Int+3}
  7950 | D:7      | Noticed a two-headed ogre
  7951 | D:7      | Found a transporter.
  8019 | D:7      | Reached skill level 10 in Axes
  8053 | D:7      | Found Tehiryfa's Distillery.
  8066 | D:7      | 8066 ||| BUYING 2 potions of haste (280 gold).
  8066 | D:7      | Bought 2 potions of haste for 280 gold pieces
  8066 | D:7      | 8066 ||| BUYING potion of curing (42 gold).
  8066 | D:7      | Bought a potion of curing for 42 gold pieces
  8066 | D:7      | 8066 ||| SHOPLISTING potion of mutation (112 gold, have 3).
  8066 | D:7      | 8066 ||| SHOPLISTING potion of resistance (140 gold, have
                  | 3).
  8364 | D:7      | 8364 ||| DROPPING +0 chain mail.
  8365 | D:7      | 8365 ||| UPGRADING to +4 ring of evasion.
  8367 | D:7      | 8367 ||| DROPPING ring of willpower.
  8368 | D:7      | 8368 ||| DRINKING 2 murky silvery potions.
  8369 | D:7      | 8369 ||| READING 2 scrolls of identify.
  8369 | D:7      | 8369 ||| IDENTIFYING clear potion
  8370 | D:7      | 8370 ||| DROPPING potion of invisibility.
  8371 | D:7      | 8371 ||| DROPPING potion of brilliance.
  8416 | D:8      | 8416 ||| DRINKING 2 lumpy white potions.
  8417 | D:8      | 8417 ||| READING 2 scrolls of teleportation.
  8437 | D:8      | Found a shimmering altar of Xom.
  8456 | D:8      | Noticed Erica
  8457 | D:8      | 8457 ||| INVOKING Fiery Armour.
  8471 | D:8      | HP: 17/72 [Erica/+4 scimitar of flaming (5)]
  8472 | D:8      | 8472 ||| READING scroll of teleportation.
  8473 | D:8      | HP: 5/72 [Erica/+4 scimitar of flaming (10)]
  8476 | D:8      | HP: 2/72 [poisoned by Erica (bolt of poison)]
  8707 | D:8      | 8707 ||| INVOKING Fiery Armour.
  8740 | D:8      | 8740 ||| Stepping ~*~*~tactically~*~*~ (stealth).
  8934 | D:8      | 8934 ||| READING scroll of enchant weapon.
  8934 | D:8      | 8934 ||| ENCHANTING +0 war axe.
  9022 | D:8      | 9022 ||| INVOKING Fiery Armour.
  9035 | D:8      | Killed Erica
  9036 | D:8      | Reached skill level 11 in Axes
  9299 | D:8      | Noticed a troll
  9305 | D:8      | Killed a troll
  9306 | D:8      | Reached skill level 3 in Armour
  9368 | D:8      | Gained mutation: You are mostly covered in razor-sharp
                  | scales. (AC +2, Slay +2) [demonic ancestry]
  9368 | D:8      | Reached XP level 10. HP: 75/79 MP: 11/11
  9398 | D:8      | 9398 ||| Stepping ~*~*~tactically~*~*~ (stealth).
  9642 | D:8      | 9642 ||| DROPPING scarf of shadows.
  9730 | D:8      | 9730 ||| Stepping ~*~*~tactically~*~*~ (stealth).
  9731 | D:8      | 9731 ||| Stepping ~*~*~tactically~*~*~ (stealth).
  9733 | D:8      | 9733 ||| Stepping ~*~*~tactically~*~*~ (stealth).
  9739 | D:8      | 9739 ||| Stepping ~*~*~tactically~*~*~ (stealth).
  9740 | D:8      | 9740 ||| Stepping ~*~*~tactically~*~*~ (stealth).
  9759 | D:8      | 9759 ||| FLEEEEING.
  9760 | D:8      | 9760 ||| FLEEEEING.
  9761 | D:8      | 9761 ||| FLEEEEING.
  9762 | D:8      | 9762 ||| FLEEEEING.
  9763 | D:8      | 9763 ||| FLEEEEING.
  9764 | D:8      | 9764 ||| FLEEEEING.
  9816 | D:8      | 9816 ||| Stepping randomly (stuck).
  9878 | D:8      | 9878 ||| Stepping ~*~*~tactically~*~*~ (stealth).
 10390 | D:8      | 10390 ||| READING 2 scrolls of identify.
 10390 | D:8      | 10390 ||| IDENTIFYING puce potion
 10795 | D:9      | Found a hazy altar of Hepliaklqana.
 10834 | D:9      | 10834 ||| Stepping ~*~*~tactically~*~*~ (hiding).
 10919 | D:9      | Reached skill level 12 in Axes
 11046 | D:9      | Found a runed translucent door.
 11050 | D:9      | Found a basalt altar of Yredelemnul.
 11096 | D:9      | 11096 ||| Stepping ~*~*~tactically~*~*~ (stealth).
 11800 | D:9      | 11800 ||| Stepping ~*~*~tactically~*~*~ (hiding).
 11811 | D:9      | 11811 ||| INVOKING Fiery Armour.
 12122 | D:9      | 12122 ||| DROPPING +2 scale mail of Umpumib {Fly}.
 12123 | D:9      | 12123 ||| DROPPING +1 scale mail of willpower.
 12124 | D:9      | 12124 ||| UPGRADING to +0 plate armour.
 12134 | D:9      | 12134 ||| DROPPING +3 scale mail "Fomij" {rF+ Will+}.
 12135 | D:9      | 12135 ||| READING scroll labelled TEUJ KUNEONOUWN.
 12158 | D:10     | Entered Level 10 of the Dungeon
 12202 | D:10     | Found Idghitirch's Antique Weapon Boutique.
 12276 | D:10     | 12276 ||| DRINKING 3 potions of curing.
 12276 | D:10     | 12276 ||| (to cure confusion)
 12278 | D:10     | 12278 ||| DRINKING 2 potions of curing.
 12278 | D:10     | 12278 ||| (to cure confusion)
 12452 | D:10     | 12452 ||| Stepping ~*~*~tactically~*~*~ (hiding).
 12675 | D:10     | Found a stormy altar of Qazlal.
 12720 | D:10     | Noticed Josephine
 12721 | D:10     | 12721 ||| Stepping ~*~*~tactically~*~*~ (hiding).
 12723 | D:10     | 12723 ||| Stepping ~*~*~tactically~*~*~ (hiding).
 12723 | D:10     | Noticed a gargoyle
 12732 | D:10     | Killed Josephine
 12733 | D:10     | Gained mutation: You punish those that try to bend your
                  | will. (Will+) [demonic ancestry]
 12733 | D:10     | Reached XP level 11. HP: 53/86 MP: 12/12
 12743 | D:10     | 12743 ||| INVOKING Fiery Armour.
 12746 | D:10     | Reached skill level 6 in Armour
 13165 | D:10     | 13165 ||| DROPPING amulet of guardian spirit.
 13166 | D:10     | 13166 ||| READING scroll labelled BUJUCR XAUN.
 13167 | D:10     | 13167 ||| READING 3 scrolls of identify.
 13167 | D:10     | 13167 ||| IDENTIFYING fizzy golden potion
 13168 | D:10     | 13168 ||| DRINKING potion of experience.
 13168 | D:10     | Reached skill level 14 in Axes
 13168 | D:10     | Reached XP level 12. HP: 92/92 MP: 13/13
 13240 | D:11     | 13240 ||| INVOKING Fiery Armour.
 13562 | D:11     | Found a bloodstained altar of Trog.
 13565 | D:11     | 13565 ||| INVOKING Fiery Armour.
 13648 | D:11     | 13648 ||| Stepping ~*~*~tactically~*~*~ (stealth).
 13667 | D:11     | 13667 ||| Stepping ~*~*~tactically~*~*~ (stealth).
 13670 | D:11     | 13670 ||| Stepping ~*~*~tactically~*~*~ (stealth).
 13685 | D:11     | 13685 ||| FLEEEEING.
 13686 | D:11     | 13686 ||| Stepping ~*~*~tactically~*~*~ (stealth).
 13687 | D:11     | 13687 ||| Stepping ~*~*~tactically~*~*~ (hiding).
 13698 | D:11     | Reached skill level 9 in Fighting
 13725 | D:11     | 13725 ||| FLEEEEING.
 13729 | D:11     | 13729 ||| FLEEEEING.
 13730 | D:11     | 13730 ||| FLEEEEING.
 13871 | D:11     | 13871 ||| FLEEEEING.
 13919 | D:11     | Found a staircase to the Lair.
 13920 | D:11     | 13920 ||| PLANNING TEMPLE
 13922 | D:11     | 13922 ||| Stepping ~*~*~tactically~*~*~ (water).
 14150 | D:11     | 14150 ||| DRINKING 3 sedimented pink potions.
 14173 | D:11     | 14173 ||| DROPPING 2 potions of lignification.
 14387 | Temple   | Entered the Ecumenical Temple
 14396 | Temple   | 14396 ||| PLANNING CONVERSION TO OKAWARU
 14405 | Temple   | Fell from the grace of Ignis
 14405 | Temple   | Became a worshipper of Warmaster Okawaru
 14406 | Temple   | 14406 ||| PLANNING LAIR
 14636 | Lair:1   | Entered Level 1 of the Lair of Beasts
 14647 | Lair:1   | 14647 ||| Stepping ~*~*~tactically~*~*~ (stealth).
 14826 | Lair:1   | 14826 ||| READING scroll of enchant weapon.
 14826 | Lair:1   | 14826 ||| ENCHANTING +1 war axe of freezing.
 14831 | Lair:1   | Noticed a boulder beetle
 14849 | Lair:1   | Killed a boulder beetle
 15031 | Lair:1   | 15031 ||| READING scroll of enchant weapon.
 15031 | Lair:1   | 15031 ||| ENCHANTING +2 war axe of freezing.
 15066 | Lair:1   | You fall into a shaft and drop 1 floor!
 15105 | Lair:2   | Reached * piety under Okawaru
 15116 | Lair:2   | 15116 ||| UPGRADING to +0 crystal plate armour.
 15126 | Lair:2   | 15126 ||| DROPPING +0 plate armour.
 15127 | Lair:2   | 15127 ||| DROPPING +1 chain mail of fire resistance.
 15128 | Lair:2   | 15128 ||| READING 5 scrolls of identify.
 15128 | Lair:2   | 15128 ||| IDENTIFYING viscous yellow potion
 15167 | Lair:1   | 15167 ||| INVOKING Heroism.
 15176 | Lair:1   | Reached skill level 1 in Invocations
 15369 | Lair:1   | 15369 ||| INVOKING Heroism.
 15383 | Lair:1   | Reached skill level 3 in Invocations
 15445 | Lair:1   | 15445 ||| INVOKING Heroism.
 15756 | Lair:2   | 15756 ||| Stepping ~*~*~tactically~*~*~ (stealth).
 15759 | Lair:2   | You fall into a shaft and drop 2 floors!
 15778 | Lair:4   | Found a shadowy altar of Dithmenos.
 15806 | Lair:4   | Reached ** piety under Okawaru
 15896 | Lair:4   | 15896 ||| INVOKING Heroism.
 15981 | Lair:4   | 15981 ||| DROPPING +6 ring of strength.
 15984 | Lair:4   | 15984 ||| Stepping ~*~*~tactically~*~*~ (stealth).
 15985 | Lair:4   | 15985 ||| Stepping ~*~*~tactically~*~*~ (stealth).
 16001 | Lair:4   | 16001 ||| INVOKING Heroism.
 16006 | Lair:4   | Reached skill level 9 in Armour
 16017 | Lair:4   | Reached *** piety under Okawaru
 16039 | Lair:4   | 16039 ||| INVOKING Heroism.
 16043 | Lair:4   | HP: 24/97 [fire elemental[the fiery vengeance of Ignis]
                  | (8)]
 16044 | Lair:4   | 16044 ||| READING 2 scrolls of teleportation.
 16044 | Lair:4   | HP: 11/97 [fire elemental[the fiery vengeance of Ignis]
                  | (9)]
 16045 | Lair:4   | 16045 ||| DRINKING potion of heal wounds.
 16078 | Lair:4   | You fall into a shaft and drop 1 floor!
 16078 | Lair:5   | Entered Level 5 of the Lair of Beasts
 16079 | Lair:5   | 16079 ||| INVOKING Heroism.
 16186 | Lair:5   | 16186 ||| INVOKING Heroism.
 16395 | Lair:4   | 16395 ||| INVOKING Heroism.
 16401 | Lair:4   | Reached XP level 13. HP: 92/102 MP: 13/16
 16421 | Lair:4   | Reached skill level 15 in Axes
 16428 | Lair:4   | 16428 ||| INVOKING Heroism.
 16574 | Lair:4   | 16574 ||| Stepping ~*~*~tactically~*~*~ (stealth).
 16576 | Lair:4   | 16576 ||| Stepping ~*~*~tactically~*~*~ (stealth).
 16577 | Lair:4   | 16577 ||| Stepping ~*~*~tactically~*~*~ (stealth).
 16580 | Lair:4   | 16580 ||| Stepping ~*~*~tactically~*~*~ (stealth).
 16581 | Lair:4   | 16581 ||| Stepping ~*~*~tactically~*~*~ (stealth).
 16585 | Lair:4   | 16585 ||| INVOKING Heroism.
 16828 | Lair:4   | 16828 ||| DROPPING ring of magical power.
 16861 | Lair:3   | 16861 ||| INVOKING Heroism.
 16889 | Lair:3   | 16889 ||| INVOKING Heroism.
 16906 | Lair:3   | Found a runed translucent door.
 16917 | Lair:3   | 16917 ||| INVOKING Heroism.
 16927 | Lair:3   | Reached **** piety under Okawaru
 17165 | Lair:3   | Noticed qw's ghost (novice MiFi)
 17167 | Lair:3   | Found a staircase to the Shoals.
 17224 | Lair:2   | Found a hole to the Spider Nest.
 17227 | Lair:2   | 17227 ||| INVOKING Heroism.
 17253 | Lair:2   | 17253 ||| INVOKING Heroism.
 17502 | Lair:2   | 17502 ||| READING scroll of teleportation.
 17503 | Lair:2   | 17503 ||| FLEEEEING.
 17504 | Lair:2   | 17504 ||| FLEEEEING.
 17505 | Lair:2   | 17505 ||| FLEEEEING.
 17505 | Lair:2   | Found a transporter.
 17506 | Lair:2   | 17506 ||| INVOKING Heroism.
 17512 | Lair:2   | 17512 ||| Stepping ~*~*~tactically~*~*~ (stealth).
 17593 | Lair:2   | 17593 ||| INVOKING Heroism.
 17808 | Lair:2   | 17808 ||| READING scroll of enchant weapon.
 17808 | Lair:2   | 17808 ||| ENCHANTING +3 war axe of freezing.
 17830 | Lair:2   | 17830 ||| Stepping ~*~*~tactically~*~*~ (stealth).
 17832 | Lair:2   | 17832 ||| INVOKING Heroism.
 17833 | Lair:2   | 17833 ||| Stepping ~*~*~tactically~*~*~ (hiding).
 17839 | Lair:2   | 17839 ||| Stepping ~*~*~tactically~*~*~ (hiding).
 17845 | Lair:2   | 17845 ||| Stepping ~*~*~tactically~*~*~ (cloud).
 17846 | Lair:2   | 17846 ||| Stepping ~*~*~tactically~*~*~ (hiding).
 17858 | Lair:2   | 17858 ||| INVOKING Heroism.
 17867 | Lair:2   | Reached skill level 6 in Invocations
 17867 | Lair:2   | 17867 ||| Stepping ~*~*~tactically~*~*~ (hiding).
 17881 | Lair:2   | 17881 ||| Stepping ~*~*~tactically~*~*~ (cloud).
 17913 | Lair:2   | 17913 ||| Stepping ~*~*~tactically~*~*~ (stealth).
 17915 | Lair:2   | 17915 ||| Stepping ~*~*~tactically~*~*~ (stealth).
 17939 | Lair:2   | 17939 ||| Stepping ~*~*~tactically~*~*~ (stealth).
 17948 | Lair:2   | 17948 ||| INVOKING Heroism.
 18017 | Lair:2   | 18017 ||| INVOKING Heroism.
 18018 | Lair:2   | 18018 ||| Stepping ~*~*~tactically~*~*~ (cloud).
 18019 | Lair:2   | 18019 ||| Stepping ~*~*~tactically~*~*~ (hiding).
 18026 | Lair:2   | 18026 ||| Stepping ~*~*~tactically~*~*~ (cloud).
 18028 | Lair:2   | 18028 ||| Stepping randomly (stuck).
 18029 | Lair:2   | 18029 ||| Stepping randomly (stuck).
 18030 | Lair:2   | 18030 ||| Stepping randomly (stuck).
 18033 | Lair:2   | HP: 22/103 [steam dragon/ball of steam (14)]
 18035 | Lair:2   | 18035 ||| Stepping ~*~*~tactically~*~*~ (hiding).
 18038 | Lair:2   | 18038 ||| Stepping ~*~*~tactically~*~*~ (cloud).
 18044 | Lair:2   | HP: 23/103 [rime drake (1)]
 18064 | Lair:2   | 18064 ||| Stepping ~*~*~tactically~*~*~ (stealth).
 18065 | Lair:2   | 18065 ||| INVOKING Heroism.
 18066 | Lair:2   | 18066 ||| Stepping randomly (stuck).
 18299 | Lair:2   | 18299 ||| Stepping ~*~*~tactically~*~*~ (stealth).
 18328 | Lair:2   | 18328 ||| INVOKING Heroism.
 18332 | Lair:2   | 18332 ||| Stepping ~*~*~tactically~*~*~ (cloud).
 18462 | Lair:2   | 18462 ||| INVOKING Heroism.
 18617 | Lair:2   | You fall into a shaft and drop 2 floors!
 18660 | Lair:2   | 18660 ||| Stepping ~*~*~tactically~*~*~ (stealth).
 18671 | Lair:2   | 18671 ||| Stepping randomly (stuck).
 18672 | Lair:2   | 18672 ||| Stepping randomly (stuck).
 18685 | Lair:2   | Reached skill level 16 in Axes
 18737 | Lair:2   | 18737 ||| Stepping ~*~*~tactically~*~*~ (stealth).
 18739 | Lair:2   | 18739 ||| Stepping ~*~*~tactically~*~*~ (stealth).
 18762 | Lair:2   | Found a transporter.
 18769 | Lair:2   | 18769 ||| DRINKING 2 potions of curing.
 18769 | Lair:2   | 18769 ||| (to cure confusion)
 18778 | Lair:2   | 18778 ||| INVOKING Heroism.
 18929 | Lair:2   | You fall into a shaft and drop 2 floors!
 18929 | Lair:4   | Was forgiven by Ignis
 18934 | Lair:4   | 18934 ||| INVOKING Heroism.
 19232 | Lair:2   | 19232 ||| INVOKING Heroism.
 19235 | Lair:2   | Noticed Urug
 19259 | Lair:2   | Killed Urug
 19509 | Lair:2   | 19509 ||| Stepping ~*~*~tactically~*~*~ (hiding).
 19842 | Lair:3   | 19842 ||| Stepping ~*~*~tactically~*~*~ (stealth).
 19902 | Lair:3   | 19902 ||| INVOKING Heroism.
 19941 | Lair:3   | Reached skill level 3 in Throwing
 20268 | Lair:3   | 20268 ||| INVOKING Heroism.
 20318 | Lair:3   | 20318 ||| Stepping ~*~*~tactically~*~*~ (stealth).
 20325 | Lair:3   | 20325 ||| INVOKING Heroism.
 20343 | Lair:3   | 20343 ||| Stepping ~*~*~tactically~*~*~ (stealth).
 20347 | Lair:3   | 20347 ||| INVOKING Heroism.
 20412 | Lair:3   | 20412 ||| Stepping ~*~*~tactically~*~*~ (stealth).
 20413 | Lair:3   | 20413 ||| Stepping ~*~*~tactically~*~*~ (stealth).
 20430 | Lair:3   | 20430 ||| Stepping ~*~*~tactically~*~*~ (stealth).
 20431 | Lair:3   | 20431 ||| Stepping ~*~*~tactically~*~*~ (stealth).
 20432 | Lair:3   | 20432 ||| Stepping ~*~*~tactically~*~*~ (stealth).
 20433 | Lair:3   | 20433 ||| Stepping ~*~*~tactically~*~*~ (stealth).
 20470 | Lair:3   | 20470 ||| Stepping ~*~*~tactically~*~*~ (stealth).
 20473 | Lair:3   | 20473 ||| Stepping ~*~*~tactically~*~*~ (stealth).
 20487 | Lair:3   | Reached skill level 9 in Invocations
 20640 | Lair:3   | 20640 ||| INVOKING Heroism.
 20648 | Lair:3   | Received a gift from Okawaru
 20685 | Lair:3   | 20685 ||| Stepping ~*~*~tactically~*~*~ (stealth).
 20761 | Lair:3   | 20761 ||| Stepping ~*~*~tactically~*~*~ (cloud).
 20763 | Lair:3   | 20763 ||| INVOKING Heroism.
 20766 | Lair:3   | 20766 ||| Stepping ~*~*~tactically~*~*~ (cloud).
 20769 | Lair:3   | 20769 ||| Stepping ~*~*~tactically~*~*~ (cloud).
 20770 | Lair:3   | 20770 ||| Stepping ~*~*~tactically~*~*~ (water).
 20788 | Lair:3   | Gained mutation: Spells you cast may paralyse adjacent
                  | enemies. [demonic ancestry]
 20788 | Lair:3   | Reached XP level 14. HP: 88/110 MP: 21/21
 20824 | Lair:3   | 20824 ||| DRINKING 2 potions of cancellation.
 20825 | Lair:3   | 20825 ||| DRINKING potion of cancellation.
 20845 | Lair:3   | 20845 ||| Stepping ~*~*~tactically~*~*~ (stealth).
 20846 | Lair:3   | 20846 ||| Stepping ~*~*~tactically~*~*~ (stealth).
 20847 | Lair:3   | 20847 ||| Stepping ~*~*~tactically~*~*~ (hiding).
 20848 | Lair:3   | 20848 ||| INVOKING Heroism.
 20855 | Lair:3   | 20855 ||| SWAPPING to +1 hand axe of flaming.
 20863 | Lair:3   | 20863 ||| SWAPPING to +4 war axe of freezing.
 20866 | Lair:3   | 20866 ||| SWAPPING to +1 hand axe of flaming.
 20874 | Lair:3   | 20874 ||| SWAPPING to +4 war axe of freezing.
 20881 | Lair:3   | 20881 ||| SWAPPING to +1 hand axe of flaming.
 20882 | Lair:3   | 20882 ||| Stepping ~*~*~tactically~*~*~ (water).
 20890 | Lair:3   | 20890 ||| SWAPPING to +4 war axe of freezing.
 20973 | Lair:3   | 20973 ||| INVOKING Heroism.
 21166 | Lair:3   | 21166 ||| FLEEEEING.
 21296 | Lair:3   | 21296 ||| INVOKING Heroism.
 21298 | Lair:3   | 21298 ||| SWAPPING to +1 hand axe of flaming.
 21304 | Lair:3   | 21304 ||| SWAPPING to +4 war axe of freezing.
 21316 | Lair:3   | 21316 ||| Stepping ~*~*~tactically~*~*~ (stealth).
 21584 | Lair:3   | 21584 ||| UPGRADING to +0 pair of gloves.
 21589 | Lair:3   | 21589 ||| READING scroll labelled ZEHOPNYHUG.
 21707 | Lair:4   | 21707 ||| INVOKING Heroism.
 21709 | Lair:4   | 21709 ||| SWAPPING to +1 hand axe of flaming.
 21719 | Lair:4   | 21719 ||| SWAPPING to +4 war axe of freezing.
 22210 | Lair:4   | 22210 ||| READING 5 scrolls of identify.
 22210 | Lair:4   | 22210 ||| IDENTIFYING sapphire potion
 22211 | Lair:4   | 22211 ||| DROPPING potion of degeneration.
 22263 | Lair:5   | 22263 ||| Stepping ~*~*~tactically~*~*~ (stealth).
 22268 | Lair:5   | 22268 ||| INVOKING Heroism.
 22280 | Lair:5   | Reached ***** piety under Okawaru
 22388 | Lair:5   | 22388 ||| INVOKING Heroism.
 22482 | Lair:5   | 22482 ||| Stepping ~*~*~tactically~*~*~ (stealth).
 22484 | Lair:5   | 22484 ||| Stepping ~*~*~tactically~*~*~ (stealth).
 22603 | Lair:5   | 22603 ||| Stepping ~*~*~tactically~*~*~ (stealth).
 22604 | Lair:5   | 22604 ||| INVOKING Heroism.
 22605 | Lair:5   | 22605 ||| SWAPPING to +1 hand axe of flaming.
 22611 | Lair:5   | Received a gift from Okawaru
 22612 | Lair:5   | 22612 ||| SWAPPING to +4 war axe of freezing.
 22621 | Lair:5   | Found a staircase to the Slime Pits.
 22622 | Lair:5   | 22622 ||| Stepping ~*~*~tactically~*~*~ (stealth).
 22623 | Lair:5   | 22623 ||| Stepping ~*~*~tactically~*~*~ (stealth).
 22848 | Lair:5   | 22848 ||| INVOKING Heroism.
 22999 | Lair:5   | 22999 ||| READING scroll of enchant weapon.
 22999 | Lair:5   | 22999 ||| ENCHANTING +4 war axe of freezing.
 23034 | Lair:5   | 23034 ||| INVOKING Heroism.
 23035 | Lair:5   | 23035 ||| INVOKING Finesse.
 23093 | Lair:5   | 23093 ||| INVOKING Heroism.
 23094 | Lair:5   | 23094 ||| INVOKING Finesse.
 23146 | Lair:5   | 23146 ||| INVOKING Heroism.
 23151 | Lair:5   | Received a gift from Okawaru
 23235 | Lair:5   | 23235 ||| FLEEEEING.
 23236 | Lair:5   | 23236 ||| Stepping ~*~*~tactically~*~*~ (cloud).
 23238 | Lair:5   | 23238 ||| FLEEEEING.
 23249 | Lair:5   | 23249 ||| Stepping ~*~*~tactically~*~*~ (hiding).
 23252 | Lair:5   | 23252 ||| INVOKING Heroism.
 23318 | Lair:5   | 23318 ||| Stepping ~*~*~tactically~*~*~ (stealth).
 23319 | Lair:5   | 23319 ||| Stepping ~*~*~tactically~*~*~ (stealth).
 23321 | Lair:5   | 23321 ||| INVOKING Heroism.
 23337 | Lair:5   | 23337 ||| Stepping ~*~*~tactically~*~*~ (stealth).
 23338 | Lair:5   | 23338 ||| Stepping ~*~*~tactically~*~*~ (stealth).
 23379 | Lair:5   | Reached skill level 12 in Armour
 23386 | Lair:5   | 23386 ||| INVOKING Heroism.
 23782 | Lair:5   | 23782 ||| Stepping ~*~*~tactically~*~*~ (stealth).
 23789 | Lair:5   | 23789 ||| INVOKING Heroism.
 23791 | Lair:5   | 23791 ||| Stepping ~*~*~tactically~*~*~ (cloud).
 23792 | Lair:5   | 23792 ||| Stepping ~*~*~tactically~*~*~ (cloud).
 23798 | Lair:5   | 23798 ||| Stepping ~*~*~tactically~*~*~ (cloud).
 23801 | Lair:5   | 23801 ||| Stepping ~*~*~tactically~*~*~ (cloud).
 23802 | Lair:5   | 23802 ||| Stepping ~*~*~tactically~*~*~ (cloud).
 24082 | Lair:5   | 24082 ||| INVOKING Heroism.
 24084 | Lair:5   | 24084 ||| UPGRADING to ring of poison resistance.
 24086 | Lair:5   | 24086 ||| DRINKING 2 black potions.
 24096 | Lair:5   | 24096 ||| Stepping ~*~*~tactically~*~*~ (cloud).
 24099 | Lair:5   | 24099 ||| Stepping ~*~*~tactically~*~*~ (cloud).
 24169 | Lair:5   | 24169 ||| PLANNING D:1-11
 24169 | Lair:5   | 24169 ||| READING 4 scrolls of identify.
 24169 | Lair:5   | 24169 ||| IDENTIFYING purple potion
 24170 | Lair:5   | 24170 ||| READING 3 scrolls of identify.
 24170 | Lair:5   | 24170 ||| IDENTIFYING fizzy inky potion
 24171 | Lair:5   | 24171 ||| DROPPING potion of berserk rage.
 24325 | D:11     | 24325 ||| Stepping ~*~*~tactically~*~*~ (stealth).
 24328 | D:11     | 24328 ||| INVOKING Heroism.
 24333 | D:11     | 24333 ||| SWAPPING to +1 hand axe of flaming.
 24339 | D:11     | 24339 ||| SWAPPING to +5 war axe of freezing.
 24495 | D:11     | You fall into a shaft and drop 1 floor!
 24546 | D:12     | 24546 ||| INVOKING Heroism.
 24559 | D:12     | Reached skill level 12 in Fighting
 24569 | D:12     | HP: 13/107 [skeletal warrior/+4 short sword (17)]
 24570 | D:12     | 24570 ||| READING 2 scrolls of teleportation.
 24570 | D:12     | HP: 6/106 [skeletal warrior/+1 scimitar of draining (7)]
 24571 | D:12     | 24571 ||| DRINKING 3 potions of heal wounds.
 24572 | D:12     | 24572 ||| DRINKING 2 potions of heal wounds.
 24803 | D:12     | 24803 ||| READING scroll labelled ISHRUR XEOF.
 24821 | D:11     | 24821 ||| Stepping ~*~*~tactically~*~*~ (hiding).
 24859 | D:11     | 24859 ||| Stepping ~*~*~tactically~*~*~ (stealth).
 24888 | D:11     | 24888 ||| Stepping ~*~*~tactically~*~*~ (stealth).
 24914 | D:11     | Found a staircase to the Orcish Mines.
 24915 | D:11     | 24915 ||| Stepping ~*~*~tactically~*~*~ (hiding).
 24920 | D:11     | 24920 ||| INVOKING Heroism.
 24998 | D:11     | 24998 ||| Stepping ~*~*~tactically~*~*~ (stealth).
 25001 | D:11     | 25001 ||| Stepping ~*~*~tactically~*~*~ (stealth).
 25004 | D:11     | 25004 ||| Stepping ~*~*~tactically~*~*~ (stealth).
 25007 | D:11     | 25007 ||| Stepping ~*~*~tactically~*~*~ (stealth).
 25014 | D:11     | 25014 ||| Stepping ~*~*~tactically~*~*~ (stealth).
 25188 | D:11     | 25188 ||| FLEEEEING.
 25189 | D:11     | 25189 ||| FLEEEEING.
 25191 | D:11     | 25191 ||| STAIRDANCE
 25425 | D:11     | 25425 ||| Stepping ~*~*~tactically~*~*~ (stealth).
 25469 | D:11     | 25469 ||| PLANNING D
 25515 | D:12     | 25515 ||| READING scroll of enchant weapon.
 25515 | D:12     | 25515 ||| ENCHANTING +5 war axe of freezing.
 25573 | D:12     | 25573 ||| INVOKING Heroism.
 25780 | D:12     | 25780 ||| INVOKING Heroism.
 25787 | D:12     | Received a gift from Okawaru
 26090 | D:12     | 26090 ||| Stepping ~*~*~tactically~*~*~ (stealth).
 26092 | D:12     | 26092 ||| Stepping ~*~*~tactically~*~*~ (stealth).
 26104 | D:12     | 26104 ||| Stepping ~*~*~tactically~*~*~ (stealth).
 26106 | D:12     | 26106 ||| INVOKING Heroism.
 26107 | D:12     | 26107 ||| Stepping ~*~*~tactically~*~*~ (stealth).
 26436 | D:12     | Found a large runed translucent door.
 26436 | D:12     | Found a large runed translucent door.
 26438 | D:12     | Noticed qw's ghost (journeyman MiBe)
 26455 | D:12     | Reached skill level 6 in Throwing
 26513 | D:12     | 26513 ||| INVOKING Heroism.
 26694 | D:12     | 26694 ||| INVOKING Heroism.
 26955 | D:12     | 26955 ||| INVOKING Heroism.
 27199 | D:13     | 27199 ||| INVOKING Heroism.
 27201 | D:13     | 27201 ||| Stepping ~*~*~tactically~*~*~ (cloud).
 27220 | D:13     | 27220 ||| FLEEEEING.
 27221 | D:13     | 27221 ||| FLEEEEING.
 27222 | D:13     | 27222 ||| FLEEEEING.
 27223 | D:13     | 27223 ||| FLEEEEING.
 27224 | D:13     | 27224 ||| FLEEEEING.
 27225 | D:13     | 27225 ||| FLEEEEING.
 27230 | D:13     | 27230 ||| FLEEEEING.
 27231 | D:13     | 27231 ||| FLEEEEING.
 27238 | D:13     | Gained mutation: You have a pair of large antennae on your
                  | head. (SInv) [demonic ancestry]
 27238 | D:13     | Reached XP level 15. HP: 62/120 MP: 22/22
 27274 | D:13     | 27274 ||| STAIRDANCE
 27556 | D:13     | 27556 ||| STAIRDANCE
 27735 | D:13     | 27735 ||| Stepping ~*~*~tactically~*~*~ (hiding).
 27886 | D:13     | 27886 ||| Stepping ~*~*~tactically~*~*~ (hiding).
 27887 | D:13     | 27887 ||| Stepping ~*~*~tactically~*~*~ (hiding).
 27888 | D:13     | 27888 ||| Stepping ~*~*~tactically~*~*~ (hiding).
 27889 | D:13     | 27889 ||| INVOKING Heroism.
 27892 | D:13     | Reached skill level 3 in Dodging
 27928 | D:13     | 27928 ||| INVOKING Heroism.
 28124 | D:13     | Found a gate to the Vaults.
 28227 | D:13     | 28227 ||| INVOKING Heroism.
 28395 | D:13     | 28395 ||| INVOKING Heroism.
 28398 | D:13     | 28398 ||| Stepping ~*~*~tactically~*~*~ (stealth).
 28594 | D:13     | 28594 ||| INVOKING Heroism.
 29042 | D:14     | 29042 ||| Stepping ~*~*~tactically~*~*~ (hiding).
 29063 | D:14     | 29063 ||| INVOKING Heroism.
 29079 | D:14     | Received a gift from Okawaru
 29356 | D:14     | 29356 ||| FLEEEEING.
 29357 | D:14     | 29357 ||| FLEEEEING.
 29358 | D:14     | 29358 ||| FLEEEEING.
 29359 | D:14     | 29359 ||| FLEEEEING.
 29361 | D:14     | 29361 ||| FLEEEEING.
 29362 | D:14     | 29362 ||| FLEEEEING.
 29363 | D:14     | 29363 ||| FLEEEEING.
 29364 | D:14     | 29364 ||| STAIRDANCE
 29468 | D:14     | 29468 ||| READING scroll of enchant armour.
 29468 | D:14     | 29468 ||| ENCHANTING +0 crystal plate armour.
 29709 | D:15     | Entered Level 15 of the Dungeon
 29710 | D:15     | 29710 ||| PLANNING GAUNTLET
 29739 | D:15     | 29739 ||| Stepping ~*~*~tactically~*~*~ (hiding).
 29740 | D:15     | 29740 ||| Stepping ~*~*~tactically~*~*~ (hiding).
 29874 | D:15     | Found a gate leading to a gauntlet.
 29875 | D:15     | 29875 ||| DROPPING ring of wizardry.
 29880 | Gauntlet | Entered a Gauntlet
 29880 | Gauntlet | Found a transporter.
 29880 | Gauntlet | Found a transporter.
 29881 | Gauntlet | Found a transporter.
 29884 | Gauntlet | Found a transporter.
 29886 | Gauntlet | Found a transporter.
 29894 | Gauntlet | Found a transporter.
 29961 | Gauntlet | Found a transporter.
 29971 | Gauntlet | Found a transporter.
 29986 | Gauntlet | Found a transporter.
 29996 | Gauntlet | Found a transporter.
 30011 | Gauntlet | Found a transporter.
 30017 | Gauntlet | Found a transporter.
 30084 | Gauntlet | 30084 ||| Stepping randomly (stuck).
 30190 | Gauntlet | 30190 ||| Stepping randomly (stuck).
 30371 | Gauntlet | 30371 ||| Stepping ~*~*~tactically~*~*~ (stealth).
 30372 | Gauntlet | 30372 ||| Stepping ~*~*~tactically~*~*~ (stealth).
 30379 | Gauntlet | 30379 ||| INVOKING Heroism.
 30383 | Gauntlet | 30383 ||| Stepping ~*~*~tactically~*~*~ (hiding).
 30419 | Gauntlet | Identified the +1 scale mail of Rapygham {rElec Str-3
                  | Dex+3}
 30436 | Gauntlet | 30436 ||| Stepping ~*~*~tactically~*~*~ (stealth).
 30438 | Gauntlet | 30438 ||| INVOKING Heroism.
 30570 | D:15     | 30570 ||| PLANNING D
 30626 | D:15     | 30626 ||| INVOKING Heroism.
 30627 | D:15     | 30627 ||| INVOKING Finesse.
 30659 | D:15     | 30659 ||| INVOKING Heroism.
 30692 | D:15     | 30692 ||| Stepping ~*~*~tactically~*~*~ (stealth).
 30693 | D:15     | 30693 ||| Stepping ~*~*~tactically~*~*~ (stealth).
 30854 | D:15     | 30854 ||| INVOKING Heroism.
 30855 | D:15     | 30855 ||| SWAPPING to +1 hand axe of flaming.
 30862 | D:15     | 30862 ||| SWAPPING to +6 war axe of freezing.
 30971 | D:15     | 30971 ||| Stepping ~*~*~tactically~*~*~ (hiding).
 30983 | D:15     | 30983 ||| INVOKING Heroism.
 30999 | D:15     | 30999 ||| Stepping ~*~*~tactically~*~*~ (hiding).
 31259 | D:15     | 31259 ||| INVOKING Heroism.
 31269 | D:15     | 31269 ||| Stepping ~*~*~tactically~*~*~ (stealth).
 31270 | D:15     | 31270 ||| Stepping ~*~*~tactically~*~*~ (stealth).
 31300 | D:15     | Found a staircase to the Depths.
 31367 | D:15     | 31367 ||| Stepping ~*~*~tactically~*~*~ (hiding).
 31372 | D:15     | 31372 ||| INVOKING Heroism.
 31378 | D:15     | Received a gift from Okawaru
 31508 | D:15     | 31508 ||| Stepping ~*~*~tactically~*~*~ (stealth).
 31523 | D:15     | 31523 ||| INVOKING Heroism.
 31529 | D:15     | 31529 ||| Stepping ~*~*~tactically~*~*~ (cloud).
 31534 | D:15     | 31534 ||| DRINKING potion of cancellation.
 31535 | D:15     | 31535 ||| Stepping ~*~*~tactically~*~*~ (cloud).
 31760 | D:15     | Noticed Jorgrun
 31761 | D:15     | 31761 ||| INVOKING Heroism.
 31762 | D:15     | 31762 ||| INVOKING Finesse.
 31773 | D:15     | Killed Jorgrun
 32160 | D:15     | 32160 ||| PLANNING ORC
 32160 | D:15     | 32160 ||| UPGRADING to +0 cloak.
 32284 | Orc:1    | Entered Level 1 of the Orcish Mines
 32285 | Orc:1    | 32285 ||| INVOKING Heroism.
 32305 | Orc:1    | Noticed Maurice
 32314 | Orc:1    | 32314 ||| Stepping ~*~*~tactically~*~*~ (stealth).
 32323 | Orc:1    | 32323 ||| INVOKING Heroism.
 32324 | Orc:1    | 32324 ||| INVOKING Finesse.
 32325 | Orc:1    | Killed Maurice
 32326 | Orc:1    | 32326 ||| Stepping ~*~*~tactically~*~*~ (hiding).
 32331 | Orc:1    | Noticed an orc warlord
 32340 | Orc:1    | HP: 10/123 [orc warlord/+0 great sword (31)]
 32341 | Orc:1    | 32341 ||| READING 4 scrolls of teleportation.
 32341 | Orc:1    | Annihilated by an orc warlord

Levels and vault maps discovered:
D:1:      roderic_dead_forest, layout_loops_ring
D:2:      layout_basic, serial_shops, shop, nicolae_shop_advertising_works
          [nicolae_subvault_shop_adworks], nicolae_shop_behind_doors,
          nicolae_shop_hallway_plus, nicolae_shop_behind_doors,
          minmay_pentomino_q4, uniq_jessica
D:3:      layout_basic, mainiacjoe_overflow_brackets, grunt_dithmenos_smoke,
          chequers_ecumenical_altar_lobes, portal_sewer_entry_a, serial_shops,
          shop_statue, nicolae_concentric_dashed_squares_mild,
          minmay_misc_feat_tiny, minmay_pentomino_pile
D:4:      minmay_angry_zag, layout_rooms, grunt_decor_clamped, uniq_pikel,
          uniq_menkaure
D:5:      layout_loops_ring, hangedman_abyss_or_decor_stagger,
          hangedman_decor_points, minmay_misc_feat_five, uniq_prince_ribbit1
D:6:      layout_basic, kiku_gazebo_pond_becter,
          mainiacjoe_overflow_tiny_flanked, marbit_many_paths,
          minmay_temple_entry_gardened_gates, serial_shops,
          nicolae_diamond_shop, minivault_25, minmay_circle_x
D:7:      layout_basic, old_standard_altar, serial_shops,
          nicolae_shop_statue_plus, gammafunk_ghost_smash,
          hangedman_decor_opposing
D:8:      layout_basic, mainiacjoe_overflow_alcove_4, serial_co_window_serial,
          co_window_paths_b, co_window_corner_a, co_window_of_opportunity_a,
          co_window_paths_a, co_window_corner_a, co_window_paths_c,
          co_window_broadway_b, co_window_paths_c, co_window_broadway_b,
          co_window_cross_4, co_window_4corner_b, glass_columns_a,
          glass_columns_b, glass_columns_a, uniq_erica
D:9:      layout_roguey, nicolae_hepliaklqana_hippocampus,
          dk_yredelemnul_ordeal, zin_academy
D:10:     layout_basic, grunt_qazlal_sundering, serial_shops, shop,
          uniq_josephine
D:11:     layout_loops_ring, erik_lair_island, zombieorc1_lemuel, st_stairs_6,
          trog_hazing_becter
D:12:     layout_stronghold, ebering_ghost_disaster_area
D:13:     layout_rooms, david_vaults_5
D:14:     layout_long_grid
D:15:     gammafunk_enter_depths_forms, layout_small_grid,
          gauntlet_entry_generic, nrook_mini_vaults, st_stairs_3,
          item_on_display_a, uniq_jorgrun
Temple:   nicolae_temple_bog_church
Lair:1:   layout_long_grid
Lair:2:   gammafunk_worm_tunnel, layout_small_grid,
          nicolae_spider_entry_orb_guardian, bobbens_dragon_lair_wall, uniq_urug
Lair:3:   nzn_winding_woodlands_large [nzn_winding_woodlands_5x5_checkerboard,
          nzn_winding_woodlands_5x15_twine, nzn_winding_woodlands_5x5_three,
          nzn_winding_woodlands_center_diamonds,
          nzn_winding_woodlands_15x15_eel_pit,
          nzn_winding_woodlands_center_pierced_h,
          nzn_winding_woodlands_hourglass, nzn_winding_woodlands_5x15_cabin,
          nzn_winding_woodlands_5x5_closed_star], layout_chaotic_city,
          elwin_shoals_entry_stream, ebering_ghost_reflecting_pool,
          eino_small_chamber_without_monster, beast_lair_carwin_1
Lair:4:   layout_regular_city, basic_altar, grunt_forest_stairs_clearing,
          grunt_megastairs_5
Lair:5:   evilmike_catoblepas_cave, layout_cave_pods,
          nicolae_slime_entry_slimehenge, minmay_stone_trees_medium
Orc:1:    layout_caves, gammafunk_ghost_necromancy, serial_shops,
          nicolae_shop_crystal, nicolae_shop_temple_entry_statues_fountains,
          uniq_maurice

Skill      XL: |  1  2  3  4  5  6  7  8  9 10 11 12 13 14 15 |
---------------+----------------------------------------------+-----
Axes           | 3 4 5 6 8 11 12 14 16 | 16.0
Dodging        | 1 2 3 |  3.0
Armour         | 1 2 3 5 6 10 12 14 | 14.2
Fighting       | 6 7 8 9 10 12 13 | 13.0
Throwing       | 1 2 4 6 7 |  7.0
Invocations    | 4 9 10 | 10.0
Spellcasting   | |  1.0
Fire Magic     | |  2.6

Action                   |  1- 3 |  4- 6 |  7- 9 | 10-12 | 13-15 || total
-------------------------+-------+-------+-------+-------+-------++-------
Melee: Hand axe          |   122 |    73 |       |       |    48 ||   243
       Punch             |     1 |       |     5 |    14 |    42 ||    62
       War axe           |       |    53 |   302 |   457 |  1125 ||  1937
Throw: Boomerang         |       |       |    40 |    89 |    52 ||   181
       Javelin           |       |       |       |       |   117 ||   117
Invok: Fiery Armour      |       |     4 |     5 |     4 |       ||    13
       Heroism           |       |       |       |     9 |    69 ||    78
       Finesse           |       |       |       |       |     5 ||     5
  Use: Scroll            |     5 |     7 |    11 |     8 |    12 ||    43
       Potion            |       |     1 |     3 |     5 |     7 ||    16
Armor: Robe              |    22 |       |       |       |       ||    22
       Ring mail         |    11 |    20 |       |       |       ||    31
       Scale mail        |       |    19 |   118 |    54 |       ||   191
       Plate armour      |       |       |       |    68 |       ||    68
       Crystal plate arm |       |       |       |    75 |   639 ||   714
Dodge: Dodged            |    60 |    67 |   127 |   248 |   448 ||   950

Table legend:
 A = Non-vault XP
 B = Vault XP
 C = Vault XP percentage of total XP
 D = Non-vault monster count
 E = Vault monster count
 F = Vault count percentage of total count
                 A         B        C        D         E       F
            +---------+---------+-------+---------+---------+-------
      Total |   67979 |   58016 |  46.0 |     372 |     215 |  36.6
            +---------+---------+-------+---------+---------+-------
        D:1 |      37 |       0 |   0.0 |      21 |       0 |   0.0
        D:2 |      30 |      45 |  60.0 |      16 |       4 |  20.0
        D:3 |     229 |      21 |   8.4 |      15 |      10 |  40.0
        D:4 |     537 |     970 |  64.4 |      30 |       5 |  14.3
        D:5 |     554 |     283 |  33.8 |      13 |       1 |   7.1
        D:6 |     318 |     193 |  37.8 |       6 |       3 |  33.3
        D:7 |     905 |       0 |   0.0 |      15 |       0 |   0.0
        D:8 |    2339 |     850 |  26.7 |      20 |       1 |   4.8
        D:9 |    1667 |       0 |   0.0 |      23 |       0 |   0.0
       D:10 |    1414 |    1540 |  52.1 |      12 |       4 |  25.0
       D:11 |    2719 |    2396 |  46.8 |      13 |      45 |  77.6
       D:12 |    7523 |       0 |   0.0 |      21 |       0 |   0.0
       D:13 |    7048 |    5026 |  41.6 |      16 |       9 |  36.0
       D:14 |    2539 |       0 |   0.0 |       9 |       0 |   0.0
       D:15 |    6392 |    7664 |  54.5 |      15 |      12 |  44.4
     Lair:1 |    4854 |       0 |   0.0 |      17 |       0 |   0.0
     Lair:2 |    4165 |    6947 |  62.5 |      20 |      23 |  53.5
     Lair:3 |    5022 |   13094 |  72.3 |      21 |      33 |  61.1
     Lair:4 |    8021 |    3619 |  31.1 |      21 |      19 |  47.5
     Lair:5 |    9412 |   10305 |  52.3 |      28 |      27 |  49.1
      Orc:1 |    2254 |     439 |  16.3 |      20 |       1 |   4.8
   Gauntlet |       0 |    4624 | 100.0 |       0 |      18 | 100.0
            +---------+---------+-------+---------+---------+-------
